 Dungeon Crawl Stone Soup version 0.21.1-1-g345015fe64 (webtiles) character file.

277 Gunterle the Slasher (level 6, -3/43 HPs)
             Began as an Octopode Fighter on July 21, 2018.
             Slain by Grinder (5 damage)
             ... on level 3 of the Dungeon.
             The game lasted 00:12:39 (3418 turns).

Gunterle the Slasher (Octopode Fighter)             Turns: 3418, Time: 00:12:39

Health: -3/43      AC:  1    Str: 20    XL:     6   Next: 26%
Magic:  6/6        EV: 12    Int: 11    God:
Gold:   178        SH: 12    Dex: 13    Spells: 5/5 levels left

rFire    . . .     SeeInvis .   a - +0 long sword
rCold    . . .     Gourm    .   b - +0 shield
rNeg     . . .     Faith    .   (helmet restricted)
rPois    .         Spirit   .   n - +3 amulet of reflection
rElec    .         Reflect  +   (no ring)
rCorr    .         Harm     .   (no ring)
MR       .....                  (no ring)
Stlth    +++.......             (no ring)
HPRegen  0.14/turn              (no ring)
MPRegen  0.10/turn              (no ring)
                                (no ring)
                                (no ring)

@: mighty
A: almost no armour, stealthy swim, amphibious, 8 rings, constrict 8, camouflage
1, gelatinous body 1
a: no special abilities


You were on level 3 of the Dungeon.
You were not hungry.

You visited 1 branch of the dungeon, and saw 3 of its levels.

You collected 178 gold pieces.

Inventory:

Hand Weapons
 a - a +0 long sword (weapon)
 y - a +0 dagger of venom
Missiles
 f - 182 stones (quivered)
 p - 6 needles of confusion
 s - 11 sling bullets
 v - 3 bolts
 w - 54 arrows
Armour
 b - a +0 shield (worn)
Jewellery
 n - a +3 amulet of reflection (around mantle)
Wands
 t - a wand of flame (29)
 z - a wand of random effects (15)
Scrolls
 e - a scroll of immolation
 g - 2 scrolls of enchant weapon
 k - a scroll of amnesia
 m - a scroll of fog {unknown}
 r - 2 scrolls of identify
 u - a scroll of blinking {unknown}
 B - 2 scrolls of teleportation {unknown}
Potions
 c - a potion of might
 h - 3 potions of haste {unknown}
 i - a potion of berserk rage {unknown}
 l - 2 potions of agility {unknown}
 o - a potion of curing {unknown}
 q - a potion of degeneration {unknown}
 x - a potion of invisibility {unknown}
 A - a potion of ambrosia {unknown}
Comestibles
 d - 5 rations
 j - a chunk of flesh


   Skills:
 + Level 3.8 Fighting
 * Level 4.0 Long Blades
 + Level 3.9 Dodging
 + Level 3.1 Stealth
 + Level 3.8 Shields


You had 5 spell levels left.
You didn't know any spells.

Dungeon Overview and Level Annotations

Branches:
Dungeon (3/15)

Altars:
Elyvilon
Xom

Annotations:
D:3 Grinder


Innate Abilities, Weirdness & Mutations

You cannot wear most types of armour.
You are very stealthy in the water. (Stealth+)
You are amphibious.
You can wear up to eight rings at the same time.
You can use your tentacles to constrict eight enemies at once.
Your skin changes colour to match your surroundings (Stealth+).
Your rubbery body absorbs attacks. (AC +1, EV +1)


Message History

Grinder completely misses you.
You riposte.
You barely miss Grinder. Your grab misses Grinder.
You squeeze Grinder, but do no damage. You barely miss Grinder.
Your grab misses Grinder. Your squeeze misses Grinder. Grinder hits you!
You writhe in agony.
Grinder hits you.
You writhe in agony.
You are too injured to fight recklessly!
You are too injured to fight recklessly!
Your shield prevents you from hitting Grinder.
You grab Grinder. Your squeeze misses Grinder. You constrict Grinder.
Grinder gestures at you. Pain shoots through your body!
You feel very mighty all of a sudden.
You constrict Grinder, but do no damage.
You block Grinder's attack.
Some of the chunks of flesh in your inventory have rotted away.
You hit Grinder.
Grinder is lightly wounded.
You constrict Grinder. Grinder hits you!
* * * LOW HITPOINT WARNING * * *
You writhe in agony.
You die...

......###.....#
..
...5........#.#
.....#####..#.#
§K......#.....#
#.#.#.#.#
#.#.#.#.#
#K#.#...#
#5#.....#
#@####..#
#......>#
#########


You could see Grinder and a kobold.

Vanquished Creatures
  2 orc priests (D:3)
  Jessica (D:3)
  Terence (D:2)
  An orc wizard (D:3)
  Robin (D:3)
  2 adders
  An ooze (D:3)
  3 dart slugs
  3 leopard geckos
  8 orcs (D:3)
  5 bats
  2 giant cockroaches
  16 goblins
  8 hobgoblins
  11 jackals
  9 kobolds
  3 quokkas
  A ball python (D:1)
  4 frilled lizards
  4 rats
86 creatures vanquished.

Vanquished Creatures (others)
  2 goblins (D:3)
2 creatures vanquished.

Grand Total: 88 creatures vanquished

Notes
Turn   | Place    | Note
-------+----------+-------------------------------------------
     0 | D:1      | Gunterle the Octopode Fighter began the quest for the Orb.
     0 | D:1      | Reached XP level 1. HP: 16/16 MP: 1/1
   258 | D:1      | Reached XP level 2. HP: 17/21 MP: 2/2
   547 | D:1      | Reached skill level 1 in Stealth
  1077 | D:2      | Noticed Terence
  1079 | D:2      | Reached XP level 3. HP: 26/26 MP: 3/3
  1095 | D:2      | Killed Terence
  1261 | D:2      | Reached XP level 4. HP: 30/31 MP: 4/4
  1384 | D:2      | Reached skill level 3 in Long Blades
  1974 | D:3      | Found a white marble altar of Elyvilon.
  2080 | D:3      | Reached XP level 5. HP: 36/36 MP: 5/5
  2323 | D:3      | Noticed Robin
  2346 | D:3      | Noticed Jessica
  2639 | D:3      | Killed Jessica
  2795 | D:3      | Killed Robin
  3060 | D:3      | Found a shimmering altar of Xom.
  3089 | D:3      | Reached XP level 6. HP: 40/43 MP: 6/6
  3194 | D:3      | Reached skill level 4 in Long Blades
  3389 | D:3      | Noticed Grinder
  3418 | D:3      | HP: 2/43 [Grinder (11)]
  3418 | D:3      | Slain by Grinder

Skill      XL: |  1  2  3  4  5  6 |
---------------+-------------------+-----
Stealth        | 1 2 3 |  3.1
Long Blades    | 3 4 |  4.0
Fighting       | |  3.8
Dodging        | |  3.9
Shields        | |  3.8

Action                   |  1- 3 |  4- 6 || total
-------------------------+-------+-------++-------
Melee: Long sword        |    37 |   109 ||   146
       Tentacles         |    14 |    24 ||    38
       Dagger            |    12 |     4 ||    16
       Constrict         |     8 |    35 ||    43
  Use: Scroll            |     1 |     2 ||     3
       Potion            |       |     1 ||     1
 Stab: Sleeping          |     8 |     8 ||    16
       Distracted        |       |     1 ||     1
  Eat: Chunk             |     1 |     7 ||     8
Armor: Skin              |     5 |     6 ||    11
Dodge: Dodged            |    20 |    51 ||    71
Block: Shield            |    30 |    63 ||    93
       Reflection        |       |     9 ||     9
       Rpst.: Long sword |     3 |     9 ||    12
